 Dungeon Crawl Stone Soup version 0.31-a0-145-g046c7d2549 (webtiles) character file.

Game seed: 16586246539992278760

79670 mopl the Convoker (level 15, -14/123 HPs)
             Began as a Yellow Draconian Summoner on June 5, 2023.
             Was a High Priest of Sif Muna.
             Demolished by a two-headed ogre
             ... wielding a +0 giant club
              (22 damage)
             ... on level 2 of the Orcish Mines.
             The game lasted 01:01:15 (17470 turns).

mopl the Convoker (Yellow Draconian Summoner)      Turns: 17470, Time: 01:01:15

Health: -14/123    AC: 12    Str: 10    XL:     15   Next: 21%
Magic:  15/32      EV: 14    Int: 28    God:    Sif Muna [*****.]
Gold:   1288       SH:  7    Dex: 13    Spells: 5/41 levels left

rFire   . . .        a - +1 spear (freeze)
rCold   . . .        M - +1 buckler of Bixonew {Will+ Slay+3}
rNeg    . . .        (body armour unavailable)
rPois   .            o - +1 hat
rElec   .            w - +0 cloak
rCorr   +            L - +0 pair of gloves
SInv    .            (no boots)
Will    +++..        F - amulet of regeneration
Stlth   ++           I - ring of willpower
HPRegen 1.20/turn    R - +6 ring of intelligence
MPRegen 0.23/turn

%: no passive effects
@: short of breath
A: spit acid, AC +9, unfitting armour, acidic bite, cold-blooded, acid
resistance
a: Breathe Acid, Renounce Religion, Channel Magic, Forget Spell, Divine Exegesis


You were on level 2 of the Orcish Mines.
You worshipped Sif Muna.
Sif Muna was extremely pleased with you.
You visited 3 branches of the dungeon, and saw 19 of its levels.

You collected 1623 gold pieces.
You spent 335 gold pieces at shops.

Inventory:

Hand Weapons
 a - a +1 spear of freezing (weapon)
 A - a +2 bardiche of venom
Missiles
 e - 4 curare-tipped darts
 q - 57 poisoned darts
 y - 4 boomerangs of dispersal
 z - 5 boomerangs
 C - a throwing net
Armour
 o - a +1 hat (worn)
 w - a +0 cloak (worn)
 L - a +0 pair of gloves (worn)
 M - the +1 buckler of Bixonew (worn) {Will+ Slay+3}
   (You found it on level 4 of the Lair of Beasts)

   Slay:      It affects your accuracy & damage with ranged weapons and melee
   (+3).
   Will:      It increases your willpower.
Jewellery
 j - a +4 ring of protection
 F - an amulet of regeneration (around neck)
 I - a ring of willpower (left hand)
 R - a +6 ring of intelligence (right hand)
Wands
 k - a wand of flame (23)
 t - a wand of roots (4)
 x - a wand of paralysis (7)
 V - a wand of mindburst (12)
Scrolls
 b - 3 scrolls of identify
 f - 2 scrolls of poison
 g - 3 scrolls of immolation
 r - 13 scrolls of teleportation
 s - 5 scrolls of vulnerability
 u - a scroll of silence {!r}
 v - 3 scrolls of magic mapping
 D - 4 scrolls of blinking
 K - a scroll of summoning
 N - 4 scrolls of fog
 U - 3 scrolls of fear
Potions
 c - 3 potions of berserk rage {!q}
 d - 4 potions of lignification {!q}
 h - 2 potions of resistance
 i - a potion of might
 l - 2 potions of cancellation
 m - 9 potions of curing {unknown}
 n - a potion of haste
 p - 5 potions of brilliance
 E - 3 potions of ambrosia
 G - 2 potions of heal wounds
 J - 4 potions of enlightenment
 S - a potion of magic


   Skills:
 + Level 8.8 Fighting
 + Level 7.8 Polearms
 + Level 7.4 Dodging
 - Level 1.7 Stealth
 - Level 7.9 Shields
 * Level 13.5 Spellcasting
 * Level 15.0 Summonings
 + Level 4.3 Necromancy
 + Level 1.0 Translocations
 - Level 10.0 Invocations


You had 5 spell levels left.
You knew the following spells:

 Your Spells              Type           Power      Damage    Failure   Level
a - Summon Cactus Giant   Summ           40%        N/A       1%          6
b - Call Imp              Summ           100%       N/A       0%          2
c - Call Canine Familiar  Summ           80%        N/A       1%          3
d - Summon Ice Beast      Ice/Summ       57%        N/A       1%          4
e - Blink                 Tloc           48%        N/A       3%          2
f - Summon Lightning Spi  Summ/Air       57%        N/A       1%          4
g - Summon Guardian Gole  Hex/Summ       57%        N/A       1%          3
h - Summon Hydra          Summ           40%        N/A       7%          7
i - Summon Small Mammal   Summ           100%       N/A       0%          1
A - Animate Dead          Necr           43%        N/A       6%          4

Your spell library contained the following spells:

 Spells                   Type           Power      Damage    Failure   Level
 Kiss of Death            Conj/Necr      100%       2d13      1%          1
 Necrotise                Necr           100%       1d9       1%          1
 Vampiric Draining        Necr           43%        2d9       1%          3
 Apportation              Tloc           48%        N/A       2%          1
 Magic Dart               Conj           72%        1d6       3%          1
 Sandblast                Erth           36%        2d10      3%          1
 Shock                    Conj/Air       72%        1d7       3%          1
 Cigotuvi's Dreadful Rot  Necr/Pois/Air  54%        N/A       3%          2
 Momentum Strike          Conj/Tloc      42%        3d9       4%          2
 Passwall                 Tmut/Erth      15%        N/A       5%          2
 Scorch                   Fire           36%        2d7       5%          2
 Static Discharge         Conj/Air       36%        2-4/arc   5%          2
 Dispel Undead            Necr           43%        3d17      6%          4
 Portal Projectile        Hex/Tloc       42%        N/A       9%          3
 Confusing Touch          Hex            18%        N/A       11%         3
 Hailstorm                Conj/Ice       18%        3d6       11%         3
 Ignite Poison            Fire/Tmut/Pois 18%        N/A       11%         3
 Mephitic Cloud           Conj/Pois/Air  18%        N/A       11%         3
 Ozocubu's Armour         Ice            18%        N/A       11%         3
 Spider Form              Tmut/Pois      18%        N/A       11%         3
 Stone Arrow              Conj/Erth      36%        3d9       11%         3
 Swiftness                Air            18%        N/A       11%         3
 Tukima's Dance           Hex            18%        N/A       11%         3
 Agony                    Necr           43%        N/A       17%         5
 Passage of Golubria      Tloc           24%        N/A       24%         4
 Airstrike                Air            9%         2d(2-18)  36%         4
 Flame Wave               Conj/Fire      18%        2d7       36%         4
 Ice Form                 Ice/Tmut       18%        N/A       36%         4
 Sticky Flame             Conj/Fire      18%        2d4       36%         4
 Alistair's Intoxication  Tmut/Pois      12%        N/A       71%         5
 Arcjolt                  Conj/Air       9%         1d19      71%         5
 Blade Hands              Tmut           9%         N/A       71%         5
 Irradiate                Conj/Tmut      9%         3d14      71%         5
 Metabolic Englaciation   Hex/Ice        9%         N/A       71%         5
 Silence                  Hex/Air        9%         N/A       71%         5
 Yara's Violent Unravell  Hex/Tmut       9%         3d6       71%         5
 Summon Horrible Things   Summ           40%        N/A       45%         8
 Haunt                    Necr/Summ      32%        N/A       52%         7
 Malign Gateway           Summ/Tloc      29%        N/A       75%         7
 Spellforged Servitor     Conj/Summ      28%        N/A       82%         7
 Simulacrum               Ice/Necr       15%        N/A       93%         6
 Eringya's Noxious Bog    Tmut/Pois      9%         N/A       99%         6
 Starburst                Conj/Fire      9%         6d5       99%         6
 Storm Form               Tmut/Air       9%         N/A       100%        7
 Borgnjor's Revivificati  Necr           21%        N/A       100%        8
 Disjunction              Tloc           12%        N/A       100%        8
 Ignition                 Fire           9%         3d5       100%        8
 Infestation              Necr           21%        N/A       100%        8
 Lehudib's Crystal Spear  Conj/Erth      9%         10d4      100%        8
 Animate Armour           Summ/Erth      Unusable   N/A       N/A         4

Dungeon Overview and Level Annotations

Branches:
Dungeon (12/15)            Temple (0/1) D:5            Lair (5/5) D:8
  Swamp (0/4) Lair:2        Snake (0/4) Lair:2        Slime (0/5) Lair:5
    Orc (2/2) D:9
    Elf: Orc:2

Altars:
Ashenzari
Cheibriados
Okawaru
Sif Muna
Uskayaw
Xom
The Shining One

Shops:
D:6 *   D:9 [

Annotations:
D:7 1 runed translucent door, bmj180's ghost, novice DrFE
D:11 3 runed translucent doors, MirrMurr's ghost, journeyman SpHu; kaesh's ghost, journeyman HOBe
Lair:5 exclusion: obsidian statue


Innate Abilities, Weirdness & Mutations

You can spit globs of acid.
Your golden yellow scales are hard. (AC +9)
You cannot fit into any form of body armour.
You have acidic saliva.
You are cold-blooded and may be slowed by cold attacks.
You are resistant to acid. (rCorr)


Message History

The ettin attacks as you move away!
The ettin hits you with a +0 dire flail!!!
The ettin hits you with a +0 dire flail!!
* * * LOW HITPOINT WARNING * * *
Your cactus giant hits the ettin with a +0 giant spiked club!
There is an open door here.
Unknown command.
Casting: Summon Cactus Giant (dangerous; 1% risk of failure)
Confirm with . or Enter, or press ? or * to list all spells.
You blink.
Okay, then.
Unknown command.
Press: ? - help, Shift-Dir - straight line, f - warg
Aim: a warg (severely wounded, 60% to hit)
You spit a glob of acid.
The glob of acid hits the warg!!
The acid splashes onto the ettin!
The ettin is splashed with acid.
The acid corrodes the ettin!
You kill the warg!
Sif Muna accepts your kill.
Unknown command.
Aiming: Mindburst
Press: ? - help, Shift-Dir - straight line, f - ettin
Aim: an ettin, wielding two +0 dire flails (almost dead, covered in acid, ally target, chance to affect: 47%)
The ettin's minds are blasted!
You blow up the ettin!
Sif Muna accepts your kill.
Your Summonings skill increases to level 15!
Your Translocations skill increases to level 1!
Aiming: Paralyse
Press: ? - help, Shift-Dir - straight line, f - two-headed ogre
Aim: a two-headed ogre, wielding two +0 giant clubs (ally target, chance to affect: 31%)
The two-headed ogre easily resists.
Your cactus giant hits the two-headed ogre with a +0 giant spiked club.
Unknown command.
You feel stable enough to blink again.
The two-headed ogre is engulfed in blazing flames.
The two-headed ogre hits you with a +0 giant club!
* * * LOW HITPOINT WARNING * * *
The two-headed ogre hits you with a +0 giant club!!
You die...

........[........###
.......)).....##...#
##
.......[############
^$### ........#.....#
#####C....#
.......)#)....#
#.'.To..$..
........').⌠..#
#O###C)...#
#.......#.....#####h#
..###
...###..#.....#...#[#
##
###########'###.@O#)#
+........)'.C.'.#
##+###+##)#...###
#.#...# #.##+## #..
###


You could see a two-headed ogre (ally target) and a friendly cactus giant
(summoned).

Vanquished Creatures
  An ettin (Orc:2)
  A hydra (Lair:5)
  2 two-headed ogres
  2 cyclopes
  2 elephants
  A cane toad (Lair:4)
  A komodo dragon (Lair:3)
  3 trolls
  Grinder (D:3)
  4 blink frogs
  A vampire (D:11)
  A wraith (D:12)
  10 yaks
  2 vampire mosquitoes (D:11)
  A warg (Orc:2)
  Edmund (D:4)
  A swamp worm (Lair:2)
  Duvessa (D:7)
  An acid dragon (D:11)
  5 water moccasins
  5 orc warriors
  A black bear (Lair:1)
  A sky beast (D:4)
  2 centaurs (D:10)
  4 wolves
  3 ogres
  A nameless horror (D:9)
  2 kobold brigands (D:9)
  4 bullfrogs
  A wight (D:9)
  A killer bee (D:7)
  3 howler monkeys
  A crimson imp (D:4)
  3 orc priests
  8 hounds
  4 jellies
  2 iguanas (D:6)
  4 orc wizards
  A boggart simulacrum (D:11)
  A howler monkey zombie (D:11)
  3 gnolls (D:4)
  3 adders
  2 ufetubi
  3 worms
  4 dart slugs
  51 orcs
  8 ball pythons
  6 bats
  11 endoplasms
  13 goblins
  8 hobgoblins
  8 jackals
  A quokka (D:5)
  3 frilled lizards
  18 kobolds
  4 rats
240 creatures vanquished.

Vanquished Creatures (collateral kills)
  An orc warlord (Orc:1)
  2 dire elephants (Lair:5)
  Snorg (Lair:5)
  Josephine (D:12)
  4 hydras
  A boulder beetle (D:12)
  5 two-headed ogres
  16 death yaks
  A spectral dire elephant (Lair:5)
  A spectral anaconda (Lair:5)
  A bog body (Lair:2)
  2 orc knights (Orc:2)
  An ugly thing (D:12)
  2 necromancers (Lair:5)
  A salamander (Lair:2)
  An oklob plant (Lair:2)
  2 orc sorcerers (Orc:2)
  A cyclops (D:12)
  24 elephants
  3 centaur zombies (D:11)
  2 black mambas
  8 cane toads
  A gargoyle (D:12)
  An orange demon (Lair:1)
  A torpor snail (Lair:2)
  3 unseen horrors (D:12)
  6 komodo dragons
  2 nameless horrors
  An efreet (D:12)
  5 trolls
  2 polar bears
  9 blink frogs
  4 dream sheep (Lair:2)
  3 spectral elephants (Lair:5)
  3 slime creatures (D:12)
  A shadow (D:10)
  5 wyverns
  3 wraiths
  52 yaks
  2 vampire mosquitoes
  A basilisk (Lair:2)
  A steam dragon (D:7)
  2 death yak simulacra (Lair:5)
  2 wargs (Orc:2)
  Menkaure (D:5)
  A swamp worm (Lair:2)
  2 acid dragons (D:11)
  A spectral cane toad (Lair:5)
  12 water moccasins
  15 orc warriors
  2 ice beasts (D:7)
  A centaur (D:11)
  9 ogres
  24 wolves
  A phantom (D:5)
  An elephant skeleton (Lair:5)
  4 kobold brigands
  3 scorpions
  3 bullfrogs
  A cane toad simulacrum (Lair:5)
  A gnoll sergeant (D:7)
  12 wights
  Dowan (D:7)
  8 killer bees
  3 howler monkeys (D:11)
  An electric eel (Lair:2)
  3 lava snakes (Lair:2)
  8 orc priests
  10 jellies
  14 orc wizards
  4 sleepcaps
  8 hell rats
  Robin (D:4)
  5 adders
  5 gnolls
  A white imp (D:4)
  40 orcs
  2 endoplasms
  2 goblins
  A hobgoblin (D:4)
  2 quokkas
  11 kobolds
  A rat (D:2)
  A butterfly (D:5)
417 creatures vanquished.

Vanquished Creatures (others)
  A dire elephant (Lair:5)
  Amaemon (Lair:1)
  2 necromancers (Lair:5)
  An elephant (Lair:3)
  A rime drake (Lair:2)
  A komodo dragon (Lair:5)
  A blink frog (Lair:4)
  3 yaks
  A vampire mosquito (D:10)
  A water moccasin (Lair:2)
  An ice beast (D:7)
  An elephant zombie (Lair:5)
  2 orc warriors
  A centaur (D:9)
  A water moccasin zombie (Lair:5)
  A killer bee (D:9)
  An elephant simulacrum (Lair:5)
  A hell rat (Lair:3)
22 creatures vanquished.

Grand Total: 679 creatures vanquished

Notes
Turn   | Place    | Note
-------+----------+-------------------------------------------
     0 | D:1      | mopl the Draconian Summoner began the quest for the Orb.
     0 | D:1      | Reached XP level 1. HP: 14/14 MP: 3/3
   176 | D:1      | Reached XP level 2. HP: 20/20 MP: 5/5
   179 | D:1      | Learned a level 2 spell: Call Imp
   190 | D:1      | Found a faded altar of an unknown god.
   247 | D:1      | Prayed at the altar of an unknown god.
   247 | D:1      | Became a worshipper of Sif Muna the Loreminder
   247 | D:1      | Reached * piety under Sif Muna
   736 | D:2      | Reached XP level 3. HP: 14/26 MP: 3/6
   740 | D:2      | Learned a level 3 spell: Call Canine Familiar
  1039 | D:2      | Reached skill level 1 in Invocations
  1362 | D:3      | Reached skill level 3 in Spellcasting
  1375 | D:3      | Reached ** piety under Sif Muna
  1380 | D:3      | Found a glowing golden altar of the Shining One.
  1397 | D:3      | Reached XP level 4. HP: 29/33 MP: 8/8
  1401 | D:3      | Learned a level 3 spell: Summon Guardian Golem
  1809 | D:3      | Noticed Grinder
  1852 | D:3      | Reached skill level 5 in Summonings
  1907 | D:3      | Killed Grinder
  1908 | D:3      | Reached skill level 4 in Spellcasting
  1908 | D:3      | Reached skill level 2 in Invocations
  1908 | D:3      | Reached XP level 5. HP: 24/38 MP: 2/11
  1908 | D:3      | Reached XP level 6. HP: 28/45 MP: 2/12
  2209 | D:4      | Learned a level 4 spell: Summon Lightning Spire
  2399 | D:4      | Noticed a sky beast
  2421 | D:4      | Killed a sky beast
  2422 | D:4      | Reached skill level 6 in Summonings
  2422 | D:4      | Reached skill level 3 in Invocations
  2690 | D:4      | Your scales start taking on a golden yellow colour.
  2690 | D:4      | Reached XP level 7. HP: 38/50 MP: 12/14
  2690 | D:4      | Gained mutation: You are resistant to acid. (rCorr) [Yellow
                  | Draconian growth]
  2739 | D:4      | Reached skill level 5 in Spellcasting
  2999 | D:4      | Reached *** piety under Sif Muna
  3148 | D:4      | Noticed Robin
  3164 | D:4      | Killed Robin
  3234 | D:4      | Noticed Edmund
  3251 | D:4      | Killed Edmund
  3497 | D:5      | Entered Level 5 of the Dungeon
  3497 | D:5      | Found a hide-covered altar of Uskayaw.
  3531 | D:5      | Reached skill level 7 in Summonings
  3531 | D:5      | Reached skill level 4 in Invocations
  3546 | D:5      | Reached XP level 8. HP: 48/57 MP: 12/16
  3578 | D:5      | Found a staircase to the Ecumenical Temple.
  3586 | D:5      | Noticed Menkaure
  3593 | D:5      | Killed Menkaure
  3618 | D:5      | Reached skill level 6 in Spellcasting
  4080 | D:5      | Reached skill level 1 in Shields
  4174 | D:5      | Reached **** piety under Sif Muna
  4175 | D:5      | Reached skill level 8 in Summonings
  4277 | D:6      | Reached skill level 5 in Invocations
  4335 | D:6      | Reached skill level 2 in Shields
  4339 | D:6      | Reached skill level 7 in Spellcasting
  4339 | D:6      | Reached XP level 9. HP: 62/62 MP: 16/19
  4344 | D:6      | Found Uvaxisoi's Assorted Antiques.
  4369 | D:6      | Bought an inky potion for 20 gold pieces
  4369 | D:6      | Bought a grey potion for 20 gold pieces
  4369 | D:6      | Bought an inky potion for 20 gold pieces
  4369 | D:6      | Bought a scroll labelled CABOCA WIFFEOSH for 23 gold pieces
  4382 | D:6      | You fall into a shaft and drop 3 floors!
  4455 | D:9      | Noticed a two-headed ogre
  4480 | D:9      | Killed a two-headed ogre
  4481 | D:9      | Reached skill level 3 in Shields
  4481 | D:9      | Reached skill level 9 in Summonings
  4592 | D:8      | Identified the +5 dagger of Zin's Generosity {flame, rC+
                  | Will+ Str+3}
  4790 | D:6      | Reached skill level 6 in Invocations
  5002 | D:7      | Reached skill level 8 in Spellcasting
  5107 | D:7      | Found a runed translucent door.
  5108 | D:7      | Noticed bmj180's ghost (novice DrFE)
  5167 | D:7      | Reached ***** piety under Sif Muna
  5207 | D:7      | Received a gift from Sif Muna
  5241 | D:7      | Reached XP level 10. HP: 68/68 MP: 17/22
  5246 | D:7      | Found a broken altar of Ashenzari.
  5273 | D:7      | Noticed Duvessa
  5273 | D:7      | Noticed Dowan
  5283 | D:7      | Killed Dowan
  5284 | D:7      | Reached skill level 4 in Shields
  5289 | D:7      | Killed Duvessa
  5756 | D:8      | Found a staircase to the Lair.
  5910 | D:9      | Found an iron altar of Okawaru.
  5930 | D:9      | Reached skill level 10 in Summonings
  6064 | D:9      | Found a staircase to the Orcish Mines.
  6070 | D:9      | Found Soeladd's Armour Shop.
  6171 | D:9      | Found a snail-covered altar of Cheibriados.
  6314 | D:9      | Reached skill level 9 in Spellcasting
  6540 | D:9      | Reached skill level 7 in Invocations
  6670 | D:9      | Learned a level 6 spell: Summon Cactus Giant
  6911 | D:10     | Entered Level 10 of the Dungeon
  6992 | D:10     | Found Ryanoalu's Magic Scroll Boutique.
  7002 | D:10     | Bought a scroll of fog for 48 gold pieces
  7002 | D:10     | Bought a scroll of teleportation for 36 gold pieces
  7002 | D:10     | Bought a scroll of immolation for 48 gold pieces
  7002 | D:10     | Bought a scroll of identify for 24 gold pieces
  7002 | D:10     | Bought a scroll of identify for 24 gold pieces
  7002 | D:10     | Bought a scroll of identify for 24 gold pieces
  7002 | D:10     | Bought a scroll of identify for 24 gold pieces
  7002 | D:10     | Bought a scroll of identify for 24 gold pieces
  7151 | D:10     | Noticed a six-headed hydra
  7157 | D:10     | Killed a six-headed hydra
  7158 | D:10     | Reached skill level 1 in Fighting
  7158 | D:10     | Reached skill level 2 in Dodging
  7158 | D:10     | Reached skill level 5 in Shields
  7188 | D:10     | Reached skill level 1 in Polearms
  7752 | D:10     | Noticed a two-headed ogre
  7752 | D:10     | Noticed a two-headed ogre
  7781 | D:10     | Killed a two-headed ogre
  7782 | D:10     | Reached skill level 2 in Fighting
  7782 | D:10     | Reached XP level 11. HP: 61/79 MP: 10/24
  7786 | D:10     | Killed a two-headed ogre
  7787 | D:10     | Reached skill level 11 in Summonings
  7793 | D:10     | Received a gift from Sif Muna
  7794 | D:10     | Got Qic Unna's Collected Works on Undead Momentum {god
                  | gift}
  7980 | D:10     | Reached skill level 2 in Polearms
  8114 | Lair:1   | Entered Level 1 of the Lair of Beasts
  8223 | Lair:1   | Noticed Amaemon
  8236 | Lair:1   | Killed Amaemon
  8237 | Lair:1   | Reached skill level 3 in Dodging
  8296 | D:8      | Reached skill level 3 in Fighting
  8450 | Lair:1   | Reached skill level 10 in Spellcasting
  8501 | Lair:1   | You fall into a shaft and drop 1 floor!
  8530 | Lair:2   | Noticed an oklob plant
  8567 | Lair:2   | Killed an oklob plant
  8592 | Lair:2   | Reached skill level 8 in Invocations
  8596 | Lair:2   | Reached skill level 3 in Polearms
  8639 | Lair:2   | Found a staircase to the Snake Pit.
  8731 | Lair:2   | Reached skill level 6 in Shields
  8743 | Lair:2   | Reached skill level 4 in Fighting
  8747 | Lair:2   | Reached XP level 12. HP: 91/91 MP: 7/26
  8874 | Lair:2   | Noticed a death yak
  8874 | Lair:2   | Noticed a death yak
  8875 | Lair:2   | Noticed a death yak
  8875 | Lair:2   | Noticed a death yak
  8877 | Lair:2   | Noticed a death yak
  8884 | Lair:2   | Killed a death yak
  8890 | Lair:2   | Killed a death yak
  8891 | Lair:2   | Reached skill level 4 in Dodging
  8891 | Lair:2   | Reached skill level 12 in Summonings
  8894 | Lair:2   | Killed a death yak
  8898 | Lair:2   | Killed a death yak
  8899 | Lair:2   | Reached skill level 4 in Polearms
  8900 | Lair:2   | Killed a death yak
  9220 | Lair:2   | Reached skill level 5 in Fighting
  9258 | Lair:2   | Reached skill level 11 in Spellcasting
  9348 | Lair:2   | Found a staircase to the Swamp.
 10276 | Lair:3   | Reached skill level 9 in Invocations
 10372 | Lair:3   | Reached skill level 7 in Shields
 10581 | Lair:3   | Noticed a death yak
 10581 | Lair:3   | Noticed a death yak
 10584 | Lair:3   | Noticed a death yak
 10585 | Lair:3   | Noticed a death yak
 10586 | Lair:3   | Noticed a death yak
 10588 | Lair:3   | Killed a death yak
 10590 | Lair:3   | Killed a death yak
 10591 | Lair:3   | Reached skill level 5 in Polearms
 10591 | Lair:3   | Reached skill level 5 in Dodging
 10593 | Lair:3   | Killed a death yak
 10593 | Lair:3   | Killed a death yak
 10594 | Lair:3   | Reached XP level 13. HP: 102/102 MP: 16/28
 10704 | Lair:3   | Reached skill level 6 in Fighting
 10707 | Lair:3   | Reached skill level 13 in Summonings
 10914 | Lair:3   | Received a gift from Sif Muna
 10928 | Lair:3   | Got Sif Muna's Spellbook of Forceful Changing {god gift}
 11713 | Lair:4   | Reached skill level 12 in Spellcasting
 11954 | Lair:4   | Identified the +1 buckler of Bixonew {Will+ Slay+3}
 12198 | Lair:5   | Entered Level 5 of the Lair of Beasts
 12207 | Lair:5   | Reached skill level 6 in Polearms
 12275 | Lair:5   | Reached skill level 10 in Invocations
 12284 | Lair:5   | Learned a level 4 spell: Animate Dead
 12348 | Lair:5   | Reached skill level 7 in Fighting
 12354 | Lair:5   | Reached skill level 6 in Dodging
 12672 | Lair:5   | Reached skill level 1 in Necromancy
 12672 | Lair:5   | Gained mutation: You have acidic saliva. [Yellow Draconian
                  | growth]
 12672 | Lair:5   | Reached XP level 14. HP: 113/113 MP: 22/30
 13181 | Lair:5   | Reached skill level 14 in Summonings
 13181 | Lair:5   | Reached skill level 2 in Necromancy
 13290 | Lair:5   | Found a staircase to the Slime Pits.
 13308 | Lair:5   | Received a gift from Sif Muna
 13900 | Lair:5   | Noticed Snorg
 13904 | Lair:5   | Killed Snorg
 13981 | Lair:5   | Reached skill level 3 in Necromancy
 13984 | Lair:5   | Reached skill level 7 in Polearms
 14031 | Lair:5   | Reached skill level 8 in Fighting
 14467 | D:11     | Reached skill level 13 in Spellcasting
 14642 | D:11     | Found a runed translucent gate.
 14643 | D:11     | Found a runed translucent gate.
 14645 | D:11     | Found a runed translucent gate.
 14648 | D:11     | Noticed kaesh's ghost (journeyman HOBe)
 14648 | D:11     | Noticed MirrMurr's ghost (journeyman SpHu)
 14804 | D:11     | Received a gift from Sif Muna
 14808 | D:11     | Got Sif Muna's Book of the Befouled Lungs {god gift}
 15294 | D:12     | Reached skill level 7 in Dodging
 15588 | D:12     | Noticed Josephine
 15618 | D:12     | Killed Josephine
 15756 | D:12     | Identified the +1 orcbow of Experimentation {antimagic,
                  | Str+3 Dex-4}
 16041 | Orc:1    | Entered Level 1 of the Orcish Mines
 16198 | Orc:2    | Entered Level 2 of the Orcish Mines
 16354 | Orc:2    | Reached skill level 4 in Necromancy
 16354 | Orc:2    | Reached XP level 15. HP: 123/123 MP: 23/32
 16762 | Orc:1    | Received a gift from Sif Muna
 16763 | Orc:1    | Got Dahunuadgh's Compilation of Relocated Creation {god
                  | gift}
 16925 | Orc:2    | Learned a level 2 spell: Blink
 16930 | Orc:2    | Learned a level 4 spell: Summon Ice Beast
 16938 | Orc:2    | Learned a level 7 spell: Summon Hydra
 17168 | Orc:1    | Found a shimmering altar of Xom.
 17469 | Orc:2    | Reached skill level 15 in Summonings
 17469 | Orc:2    | Reached skill level 1 in Translocations
 17470 | Orc:2    | Demolished by a two-headed ogre

Illustrated notes

Levels and vault maps discovered:
D:1:      dpeg_arrival_arbitrary_a, layout_rooms, ebering_ecumenical_altar_rust
D:2:      minmay_alternating_diamond, layout_rooms, serial_aquarium,
          aquarium_bridge_long_joined [aquarium_subvault_bridge,
          aquarium_subvault_window, aquarium_subvault_wall,
          aquarium_subvault_wall, aquarium_subvault_wall,
          aquarium_subvault_window], aquarium_window_corridor_3,
          aquarium_window_corner, aquarium_view_2c, aquarium_view_2d,
          aquarium_balcony_double_1, grunt_ministairs_13
D:3:      cheibrodos_old_hovel, layout_basic, tso_metal_star, uniq_grinder
D:4:      layout_loops_ring, minmay_fire_ice_demons, uniq_robin, uniq_edmund
D:5:      kennysheep_six_static_rooms, layout_rooms,
          mainiacjoe_overflow_tiny_flanked, minmay_temple_entry_butterflies,
          nicolae_letterblocks [nicolae_letter_subblock,
          nicolae_letter_subblock, nicolae_letter_subblock,
          nicolae_letter_subblock, nicolae_letter_subblock,
          nicolae_letter_subblock, nicolae_letter_subblock,
          nicolae_letter_subblock, nicolae_letter_subblock,
          nicolae_letter_subblock, nicolae_letter_subblock,
          nicolae_letter_subblock, nicolae_letter_subblock,
          nicolae_letter_subblock, nicolae_letter_subblock,
          nicolae_letter_subblock, nicolae_letter_subblock,
          nicolae_letter_subblock, nicolae_letter_subblock,
          nicolae_letter_subblock, nicolae_letter_subblock,
          nicolae_letter_subblock, nicolae_letter_subblock,
          nicolae_letter_subblock, nicolae_letter_subblock], uniq_menkaure
D:6:      layout_rooms, serial_shops, shop_fountains
D:7:      layout_cave_pools, ashenzari_altar_1, gammafunk_ghost_grave,
          uniq_duvessa
D:8:      layout_rooms, lair_entry_dummy
D:9:      layout_roguey, okawaru_metal_pillars_1_2, kennysheep_slug_shrine,
          minmay_orc_entry_temple_small, serial_shops, shop_statue,
          hangedman_abyss_or_decor_stagger, blue_anna_alchemist
D:10:     minmay_opposing_rooms, layout_stronghold, serial_shops,
          nicolae_square_shop
D:11:     layout_basic, gammafunk_ghost_cemetery, hangedman_weighted_door
D:12:     layout_irregular_city, uniq_josephine
Lair:1:   layout_chaotic_city, grunt_megastairs_2, uniq_amaemon
Lair:2:   layout_roguey, nicolae_swamp_entry_splash_gauntlet,
          nicolae_snake_entry_warm_welcome, grunt_megastairs_1
Lair:3:   layout_hall_layers, patterned_corridor, grunt_megastairs_5
Lair:4:   layout_hall_layers
Lair:5:   due_jungle_book, layout_gridlike, minmay_slime_entry_jelly_boxes,
          uniq_snorg
Orc:1:    layout_diamond_mine, basic_altar
Orc:2:    pubby_orc_utopia, serial_shops

Skill      XL: |  1  2  3  4  5  6  7  8  9 10 11 12 13 14 15 |
---------------+----------------------------------------------+-----
Invocations    | 1 2 3 4 5 6 7 8 9 10 | 10.0
Spellcasting   | 3 4 5 7 8 9 10 11 12 13 | 13.5
Summonings     | 5 6 7 8 9 10 11 12 13 14 15 | 15.0
Shields        | 2 3 5 6 7 |  7.9
Fighting       | 2 4 5 7 8 |  8.8
Dodging        | 2 3 5 6 7 |  7.4
Polearms       | 1 3 5 6 7 |  7.8
Necromancy     | 1 4 |  4.3
Translocations | 1 |  1.0
Stealth        | |  1.7

Action                     |  1- 3 |  4- 6 |  7- 9 | 10-12 | 13-15 || total
---------------------------+-------+-------+-------+-------+-------++-------
  Melee: Unarmed           |    25 |       |       |       |       ||    25
         Tailslap          |    25 |     7 |    35 |    35 |    68 ||   170
         Dagger            |    71 |    37 |   211 |       |       ||   319
         Punch             |     3 |     1 |     3 |     2 |     2 ||    11
         Whip              |    71 |    17 |       |       |       ||    88
         Short sword       |       |    38 |       |       |       ||    38
         Spear             |       |       |     2 |   357 |   503 ||   862
         Bite              |       |       |       |       |    26 ||    26
   Cast: Call Imp          |     3 |     4 |     7 |     3 |       ||    17
         Summon Small Mamm |     1 |     1 |     1 |       |       ||     3
         Call Canine Famil |       |     8 |    26 |    30 |    38 ||   102
         Summon Guardian G |       |     3 |     5 |    12 |    29 ||    49
         Summon Lightning  |       |       |       |    14 |    13 ||    27
         Summon Cactus Gia |       |       |       |    38 |    95 ||   133
         Animate Dead      |       |       |       |       |     1 ||     1
         Blink             |       |       |       |       |     1 ||     1
         Summon Ice Beast  |       |       |       |       |     1 ||     1
 Invoke: Channel Magic     |       |       |       |     2 |       ||     2
Ability: Breathe Acid      |       |       |    21 |     9 |     4 ||    34
  Evoke: Wand              |       |       |       |       |     2 ||     2
    Use: Scroll            |       |       |     7 |    15 |     3 ||    25
         Potion            |       |       |       |     1 |     2 ||     3
   Stab: Sleeping          |     4 |     1 |     3 |     1 |     2 ||    11
         Distracted        |       |     1 |     3 |     4 |     9 ||    17
 Armour: Skin              |    62 |    34 |    84 |   116 |   113 ||   409
  Dodge: Dodged            |    85 |    67 |   156 |   237 |   247 ||   792
  Block: Buckler           |       |       |       |       |    97 ||    97

Table legend: (Time is in decaauts)
 A = Elapsed time spent in this place.
 B = Non-inter-level travel time spent in this place.
 C = Inter-level travel time spent in this place.
 D = Time resting spent in this place.
 E = Time spent auto-exploring this place.
 F = Levels seen in this place.
 G = Mean time per level.
                   A        B        C        D        E       F      G
               +--------+--------+--------+--------+--------+-----+--------+
         Total |  17385 |  16530 |    855 |   2354 |   8619 |  19 |  915.0 |
       Dungeon |   9929 |   9337 |    592 |   1198 |   5302 |  12 |  827.4 |
          Lair |   6117 |   5876 |    241 |    949 |   2950 |   5 | 1223.4 |
  Orcish Mines |   1337 |   1316 |     21 |    207 |    365 |   2 |  668.5 |
               +--------+--------+--------+--------+--------+-----+--------+

Top non-repeatable levels by time:
  Lair:5: 1786 daAuts
  Lair:2: 1433 daAuts
     D:9: 1353 daAuts
    D:10: 1181 daAuts
     D:4: 1176 daAuts
  Lair:3: 1126 daAuts
     D:3: 984 daAuts
   Orc:2: 944 daAuts
  Lair:4: 930 daAuts
  Lair:1: 840 daAuts
    D:12: 788 daAuts
     D:5: 750 daAuts
    D:11: 749 daAuts
     D:2: 699 daAuts
     D:7: 626 daAuts
